 Dungeon Crawl Stone Soup version 0.21.1-1-g345015f (webtiles) character file.

1213 Mirai the Shield-Bearer (level 8, -7/71 HPs)
             Began as a Hill Orc Fighter on Mar 12, 2018.
             Killed from afar by a centaur (19 damage)
             ... with a wand of acid (1)
             ... on level 6 of the Dungeon.
             The game lasted 00:11:00 (4717 turns).

Mirai the Shield-Bearer (Hill Orc Fighter)          Turns: 4717, Time: 00:11:02

Health: -7/71      AC: 10    Str: 24      XL:     8   Next: 46%
Magic:  8/8        EV:  3    Int:  8      God:
Gold:   238        SH: 18    Dex:  9 (10) Spells: 7/7 levels left

rFire    . . .     SeeInvis .   a - +0 war axe
rCold    . . .     Gourm    .   g - +2 large shield
rNeg     . . .     Faith    .   E - +0 plate armour
rPois    .         Spirit   .   (no helmet)
rElec    .         Reflect  .   (no cloak)
rCorr    .         Harm     .   v - +1 pair of gloves {archery}
MR       .....                  (no boots)
Stlth    ..........             (no amulet)
HPRegen  0.21/turn              h - +5 ring of strength
MPRegen  0.11/turn              r - -2 ring of strength (curse)

@: corroded
A: no striking features
a: no special abilities


You were on level 6 of the Dungeon.
You were not hungry.

You visited 1 branch of the dungeon, and saw 6 of its levels.

You collected 238 gold pieces.

Inventory:

Hand Weapons
 a - a +0 war axe (weapon)
 c - a +0 battleaxe
Armour
 g - a +2 large shield (worn)
 o - a +2 leather armour of fire resistance
 v - a +1 pair of gloves of archery (worn)
 E - a +0 plate armour (worn)
Jewellery
 h - a +5 ring of strength (left hand)
 r - a cursed -2 ring of strength (right hand)
Wands
 x - a wand of polymorph (4)
 y - a wand of flame (9)
 D - a wand of disintegration (14)
Scrolls
 d - a scroll of amnesia {unknown}
 e - a scroll of fog {unknown}
 i - 4 scrolls of remove curse {unknown}
 j - 2 scrolls of fear {unknown}
 k - a scroll of identify {unknown}
 l - 2 scrolls of enchant armour {unknown}
 q - a scroll of blinking {unknown}
 w - 2 scrolls of teleportation {unknown}
 z - a scroll of magic mapping
 A - a scroll of enchant weapon {unknown}
Potions
 m - a potion of lignification {unknown}
 p - a potion of invisibility {unknown}
 s - 6 potions of curing
 t - a potion of degeneration {unknown}
 u - 2 potions of cancellation {unknown}
 B - a potion of might
 C - a potion of berserk rage {unknown}
Comestibles
 f - 7 rations


   Skills:
 * Level 6.6 Fighting
 + Level 7.2 Axes
 + Level 4.6 Armour
 + Level 0.3 Dodging
 * Level 7.7 Shields


You had 7 spell levels left.
You didn't know any spells.

Dungeon Overview and Level Annotations

Branches:
Dungeon (6/15)
 Temple: D:4-7

Altars:
Ashenzari
Elyvilon
Fedhas
Nemelex Xobeh
Sif Muna
Uskayaw
Wu Jian
Xom
Zin

Shops:
D:5 [


Message History

You are splashed with acid!
The acid burns!
It is a wand of acid (3).
You barely miss the centaur. You block the centaur's attack.
You slash the centaur!
The centaur is heavily wounded.
The centaur drinks a potion.
The centaur is healed!
The centaur zaps a wand.
The bolt of acid hits you!
You are splashed with acid!
The acid burns!
Your shield and plate armour prevent you from hitting the centaur.
The centaur is lightly wounded.
You block the centaur's attack.
The centaur hits you but does no damage.
You hit the centaur but do no damage.
The centaur is lightly wounded.
You block the centaur's attack.
You closely miss the centaur.
The centaur is lightly wounded.
The centaur zaps a wand.
The bolt of acid hits you!
You are splashed with acid!
The acid burns!
* * * LOW HITPOINT WARNING * * *
The centaur zaps a wand.
The bolt of acid hits you!
You die...

#............ #............
#............ #............
#............ #............
#............
###+############........(...
..........c@(....(..########
.....(..............#
...[................#
....................#
....................#
....................#
#####+#####'##########'###
#..................#.....#####
#.......((((...|...#.........###


You could see a centaur.

Vanquished Creatures
  Eustachio (D:6)
  A water moccasin (D:6)
  An orc warrior (D:4)
  An ogre (D:4)
  A centaur (D:6)
  A scorpion (D:5)
  A water moccasin skeleton (D:5)
  3 crimson imps
  A centaur zombie (D:5)
  2 orc priests
  2 hounds
  3 orc wizards
  2 worker ants
  An iguana (D:5)
  5 adders
  3 gnolls (D:4)
  A shadow imp (D:6)
  An ooze (D:1)
  2 adder zombies
  2 worms
  2 dart slugs
  8 leopard geckos
  14 orcs
  6 bats
  5 giant cockroaches
  A goblin (D:1)
  6 hobgoblins
  6 jackals
  2 quokkas (D:5)
  A ball python (D:6)
  5 frilled lizards
  10 kobolds
  8 rats
109 creatures vanquished.

Notes
Turn   | Place    | Note
-------+----------+-------------------------------------------
     0 | D:1      | Mirai the Hill Orc Fighter began the quest for the Orb.
     0 | D:1      | Reached XP level 1. HP: 19/19 MP: 1/1
    83 | D:1      | Reached XP level 2. HP: 27/27 MP: 2/2
   210 | D:1      | Reached XP level 3. HP: 31/34 MP: 3/3
   594 | D:2      | Found a blossoming altar of Fedhas.
   759 | D:2      | Found a white marble altar of Elyvilon.
   845 | D:2      | Found a hide-covered altar of Uskayaw.
  1259 | D:3      | Reached XP level 4. HP: 31/41 MP: 4/4
  1270 | D:3      | Found a shimmering altar of Xom.
  1274 | D:3      | Noticed an angel
  1287 | D:3      | Found a glowing silver altar of Zin.
  1295 | D:3      | Reached XP level 5. HP: 19/47 MP: 5/5
  1539 | D:3      | Reached skill level 5 in Fighting
  1757 | D:4      | Reached XP level 6. HP: 56/56 MP: 6/6
  1842 | D:4      | Found a shattered altar of Ashenzari.
  1846 | D:4      | Noticed an orc warrior
  1860 | D:4      | Killed an orc warrior
  1860 | D:4      | Reached skill level 5 in Axes
  1860 | D:4      | Reached skill level 5 in Shields
  2209 | D:4      | Found an ornate altar of the Wu Jian Council.
  2217 | D:4      | Found a sparkling altar of Nemelex Xobeh.
  2233 | D:4      | Reached XP level 7. HP: 12/62 MP: 7/7
  2824 | D:4      | Found a deep blue altar of Sif Muna.
  3164 | D:5      | Entered Level 5 of the Dungeon
  3265 | D:5      | Found Ufuz's Armour Shoppe.
  3908 | D:6      | Noticed Eustachio
  4057 | D:6      | Reached XP level 8. HP: 69/71 MP: 8/8
  4463 | D:6      | Killed Eustachio
  4717 | D:6      | Killed from afar by a centaur

Skill      XL: |  1  2  3  4  5  6  7  8 |
---------------+-------------------------+-----
Fighting       | 4 5 6 |  6.6
Axes           | 3 4 5 6 7 |  7.2
Shields        | 4 5 6 7 |  7.7
Armour         | 4 |  4.6
Dodging        | |  0.3

Action                   |  1- 3 |  4- 6 |  7- 9 || total
-------------------------+-------+-------+-------++-------
Melee: War axe           |   108 |    92 |   219 ||   419
Throw: Tomahawk          |       |       |     4 ||     4
  Use: Scroll            |     1 |       |       ||     1
       Potion            |       |     1 |     2 ||     3
  Eat: Chunk             |     1 |     3 |     9 ||    13
Armor: Scale mail        |    41 |       |       ||    41
       Plate armour      |    16 |    43 |   138 ||   197
       Leather armour    |       |       |     1 ||     1
Dodge: Dodged            |    43 |     6 |    43 ||    92
Block: Shield            |    11 |       |       ||    11
       Large shield      |    59 |   125 |   291 ||   475
